Map: Ice and Chrome LE

Players

PasT - Winner!

  • Race: Zerg Zerg
  • League: Master
  • Spawn Location: 1:00

A.I. 2 (Elite)

  • Race: Terran Terran
  • Spawn Location: 7:00

VOD

Have the link to the VOD?

Description

Time

  • Played on: July 12, 2020, 2:51 p.m.
  • Length: 9:24
Show
View Real Time Build Order
Export as new Build Order

PasT Zerg - Winner!

Build Orders: Hatch First 

Get SALT Encoding   

  12  0:01  Drone  
  13  0:12  Overlord  
  13  0:16  Drone  
  14  0:30  Drone x2  
  14  0:34  Drone  
  17  0:52  Hatchery  
  17  0:55  Drone  
  17  0:59  Drone  
  18  1:09  Extractor  
  17  1:13  Spawning Pool  
  17  1:16  Drone  
  17  1:19  Drone  
  18  1:27  Drone  
  19  1:38  Overlord  
  19  1:49  Drone  
  20  2:00  Queen  
  20  2:01  Zergling x2  
  23  2:04  Queen, Zergling x2  
  26  2:09  Metabolic Boost  
  26  2:11  Zergling x2  
  27  2:16  Drone  
  27  2:22  Drone  
  29  2:27  Drone  
  30  2:35  Queen  
  32  2:39  Queen  
  32  2:41  Overlord  
  32  2:43  Overlord  
  34  2:46  Drone  
  34  2:48  Drone  
  36  3:06  Hatchery, Drone x2  
  36  3:09  Drone  
  38  3:16  Drone x3  
  38  3:17  Drone  
  42  3:21  Drone  
  42  3:23  Drone  
  42  3:25  Drone  
  45  3:33  Extractor  
  45  3:34  Roach Warren  
  43  3:41  Overlord x2  
  43  3:44  Overlord  
  43  3:57  Overlord  
  43  4:19  Roach x3  
  43  4:20  Roach x7  
  43  4:21  Roach  
  65  4:25  Roach  
  67  4:33  Zergling x8  
  67  4:36  Spore Crawler  
  67  4:38  Spore Crawler  
  69  4:40  Zergling x2  
  69  4:41  Zergling x2  
  69  4:44  Zergling x2  
  72  4:47  Overlord  
  72  4:55  Spore Crawler  
  70  5:12  Lair  
  70  5:13  Drone x7  
  76  5:16  Drone  
  77  5:26  Ravager x3  
  81  5:28  Drone  
  81  5:32  Extractor  
  81  5:33  Extractor  
  78  5:39  Evolution Chamber  
  78  5:40  Evolution Chamber  
  78  5:41  Overlord  
  76  5:53  Drone  
  76  5:54  Drone  
  76  5:55  Drone  
  76  5:56  Drone x3  
  82  5:59  Overlord x3  
  77  6:16  Zergling x16  
  77  6:17  Zergling x2  
  78  6:23  Drone x3  
  78  6:24  Drone  
  70  6:35  Zerg Missile Weapons Level 1, Zerg Ground Armor Level 1  
  67  6:40  Hydralisk Den  
  67  6:46  Drone x2  
  67  6:47  Drone x2  
  65  6:59  Glial Reconstitution  
  59  7:09  Hydralisk x6  
  67  7:19  Muscular Augments  
  67  7:29  Hydralisk  
  69  7:32  Hydralisk x3  
  69  7:33  Baneling Nest  
  69  7:35  Hydralisk  
  76  7:42  Hydralisk  
  76  7:43  Hydralisk  
  78  7:47  Zergling x14  
  78  7:48  Zergling x2  
  78  7:49  Zergling x2  
  89  7:57  Zergling x2  
  89  7:58  Zergling x8  
  94  8:09  Hydralisk  
  96  8:13  Zergling x16  
  104  8:20  Infestation Pit  
  104  8:22  Drone x2  
  104  8:24  Drone  
  106  8:35  Overlord x2  
  106  8:36  Overlord  
  106  8:39  Drone x3  
  109  8:43  Baneling x3  
  109  8:44  Baneling x2  
  109  8:46  Baneling x3  
  108  8:52  Hydralisk  
  108  8:53  Hydralisk  
  103  8:57  Hydralisk  
  103  8:59  Zergling x2  
  103  9:00  Zergling x2  
  103  9:01  Zergling x2  
  103  9:02  Zergling x2  
Show
View Real Time Build Order
Export as new Build Order

A.I. 2 (Elite) Terran 

Build Orders:  

Get SALT Encoding   

  12  0:00  SCV  
  13  0:13  SCV  
  14  0:18  Supply Depot  
  14  0:25  SCV  
  15  0:40  SCV  
  16  0:43  Barracks  
  16  0:52  SCV  
  18  1:04  SCV  
  18  1:15  Supply Depot  
  18  1:16  SCV  
  19  1:21  Refinery  
  19  1:28  SCV  
  19  1:30  Marine  
  21  1:40  SCV  
  22  1:48  Marine  
  22  1:51  Barracks  
  22  1:52  SCV  
  24  1:56  Refinery  
  24  2:03  Supply Depot  
  24  2:05  SCV  
  24  2:06  Marine  
  26  2:17  SCV  
  27  2:23  Marine  
  27  2:26  Factory  
  27  2:29  SCV  
  29  2:37  Marine  
  29  2:41  Marine, SCV  
  32  2:54  SCV  
  32  2:55  Marine  
  34  2:59  Marine  
  35  3:06  SCV  
  35  3:07  Barracks  
  36  3:13  Marine  
  36  3:17  Barracks Tech Lab  
  36  3:18  SCV  
  36  3:19  Factory Tech Lab  
  38  3:30  SCV  
  38  3:32  Barracks Tech Lab, Supply Depot  
  39  3:53  Marine x2, SCV, Stimpack  
  42  4:02  Combat Shield  
  42  4:05  SCV  
  43  4:18  SCV  
  43  4:23  Supply Depot  
  44  4:30  SCV  
  45  4:38  Supply Depot  
  45  4:40  Barracks Reactor  
  45  4:41  Marauder  
  45  4:42  Barracks  
  45  4:44  Starport  
  45  4:45  SCV, Marauder  
  50  4:50  Command Center  
  50  5:00  Orbital Command  
  50  5:02  Marine  
  50  5:07  Marauder  
  52  5:17  Marine  
  52  5:20  Marauder  
  55  5:23  Starport Reactor  
  55  5:28  Marauder  
  56  5:33  Supply Depot  
  56  5:41  Marauder  
  60  5:50  Marauder  
  60  5:55  Hellion  
  62  6:01  Supply Depot  
  62  6:03  Marauder  
  62  6:11  Marauder  
  62  6:16  Hellion  
  62  6:18  Marine  
  55  6:21  Marine  
  55  6:22  Marine  
  55  6:25  Marine  
  48  6:32  Marine  
  46  6:36  Marine  
  46  6:39  Marine  
  43  6:40  Marine  
  43  6:41  Siege Tank  
  43  6:43  Marauder  
  47  6:50  Marauder  
  47  6:53  Marine  
  50  6:56  Marine  
  50  6:58  Marine  
  44  7:04  Marine  
  41  7:11  Marine  
  41  7:12  Marauder  
  41  7:14  Marine  
  41  7:16  Marine  
  41  7:22  Marine  
  43  7:29  Marine  
  44  7:32  Marine  
  44  7:33  Marauder  
  47  7:42  Marine  
  47  7:43  Marauder  
  50  7:44  Engineering Bay  
  50  7:55  Marauder  
  52  8:22  Command Center  
  52  8:27  Marine  
  53  8:38  Marauder  
  57  8:48  Marauder  
Tags
 
League
Master
Matchup
TvZ
Spawn Locations
Cross Positions
Add a new tag
Caveats
  • Supply blocks, unpowered buildings, or Contaminate may cause inaccurate times.
  • Supply counts are checked every 10 seconds.